 Dungeon Crawl Stone Soup version 0.28-a0-589-g333b8329f1 (webtiles) character file.

Game seed: 3113610067612412869

11560 freelancePsychic the Protected (level 11, -11/80 (84) HPs)
             Began as a Gnoll Wanderer on Oct 3, 2021.
             Was a High Priest of Okawaru.
             Killed from afar by an orc sorcerer (29 damage)
             ... with a bolt of fire
             ... while paralysed by an orc sorcerer
             ... on level 1 of the Orcish Mines.
             The game lasted 00:30:05 (18093 turns).

freelancePsychic the Protected (Gnoll Wanderer)    Turns: 18093, Time: 00:30:06

HP:   -11/80 (84)   AC: 11    Str: 15    XL:     11   Next: 79%
MP:   20/20         EV:  2    Int: 14    God:    Okawaru [*****.]
Gold: 438           SH:  0    Dex: 17    Spells: 19/23 levels left

rFire   . . .      SeeInvis .   b - +1 morningstar (holy)
rCold   . . .      Faith    .   g - +0 buckler
rNeg    . . .      Spirit   .   t - +2 scale mail
rPois   +          Reflect  .   v - +0 helmet
rElec   .          Harm     .   z - +2 cloak
rCorr   .          Rampage  .   A - +0 pair of gloves
Will    .....                   C - +1 pair of boots
Stlth   ++........              (no amulet)
HPRegen 0.23/turn               i - ring of poison resistance
MPRegen 0.17/turn               f - +6 ring of dexterity

@: paralysed, mighty, spiked, corroded, lightly drained
A: fangs 1, strong nose, distributed training, hooves 1, clever 1
a: Renounce Religion, Heroism, Finesse, Duel


You were on level 1 of the Orcish Mines.
You worshipped Okawaru.
Okawaru was extremely pleased with you.
You visited 4 branches of the dungeon, and saw 13 of its levels.
You also visited: Sewer.

You collected 619 gold pieces.
You spent 181 gold pieces at shops.

Inventory:

Hand Weapons
 a - a +0 hand crossbow
 b - a +1 morningstar of holy wrath (weapon)
 w - a +0 shortbow
Missiles
 d - 89 arrows
 n - 35 poisoned darts (quivered)
 E - 39 bolts
 F - 11 curare-tipped darts
Armour
 g - a +0 buckler (worn)
 t - a +2 scale mail (worn)
 v - a +0 helmet (worn)
 z - a +2 cloak (worn)
 A - a +0 pair of gloves (worn)
 C - a +1 pair of boots (worn)
Jewellery
 f - a +6 ring of dexterity (right hand)
 i - a ring of poison resistance (left hand)
 B - a ring of protection from fire
 H - a ring of wizardry
Wands
 c - a wand of paralysis (11)
 x - a wand of iceblast (27)
Scrolls
 h - 3 scrolls of amnesia
 k - 2 scrolls of fear
 m - 2 scrolls of blinking
 p - 2 scrolls of teleportation {@r4}
 q - a scroll of brand weapon
 u - a scroll of silence
 y - a scroll of immolation
 G - 2 scrolls of fog
 I - a scroll of holy word
 J - a scroll of enchant armour
Potions
 e - 4 potions of brilliance
 j - a potion of mutation
 l - 2 potions of haste {@q3}
 o - a potion of might
 r - 3 potions of magic
 s - 2 potions of cancellation {unknown}
 D - 2 potions of berserk rage {unknown}
 K - a potion of flight {unknown}


   Skills:
 + Level 7.2 Fighting
 + Level 6.6 Short Blades
 + Level 6.6 Long Blades
 + Level 7.2 Axes
 + Level 6.6 Maces & Flails
 + Level 6.6 Polearms
 + Level 6.6 Staves
 + Level 6.6 Slings
 + Level 6.6 Bows
 + Level 8.1 Crossbows
 + Level 6.6 Throwing
 + Level 10.8 Armour
 + Level 6.6 Dodging
 + Level 7.1 Stealth
 + Level 6.6 Shields
 + Level 6.6 Unarmed Combat
 + Level 6.6 Spellcasting
 + Level 5.5 Conjurations
 + Level 5.5 Hexes
 + Level 5.5 Summonings
 + Level 5.5 Necromancy
 + Level 5.5 Translocations
 + Level 5.5 Transmutations
 + Level 5.5 Fire Magic
 + Level 5.5 Ice Magic
 + Level 5.5 Air Magic
 + Level 5.5 Earth Magic
 + Level 5.5 Poison Magic
 + Level 7.2 Invocations
 + Level 7.2 Evocations


You had 19 spell levels left.
You knew the following spells:

 Your Spells              Type           Power      Damage    Failure   Level
a - Wereblood             Tmut           20%        N/A       7%          2
b - Blink                 Tloc           N/A        N/A       7%          2

Your spell library contained the following spells:

 Spells                   Type           Power      Damage    Failure   Level
 Beastly Appendage        Tmut           40%        N/A       4%          1
 Slow                     Hex            20%        N/A       7%          2
 Confusing Touch          Hex            20%        N/A       14%         3
 Lesser Beckoning         Tloc           20%        N/A       14%         3
 Spider Form              Tmut/Pois      10%        N/A       14%         3
 Manifold Assault         Tloc           20%        N/A       77%         5
 Yara's Violent Unravell  Hex/Tmut       10%        3d6       77%         5
 Borgnjor's Revivificati  Necr           10%        N/A       100%        8
 Necromutation            Tmut/Necr      10%        N/A       100%        8
 Death's Door             Necr           10%        N/A       100%        9


Dungeon Overview and Level Annotations

Branches:
Dungeon (10/15)            Temple (1/1) D:4            Lair (1/6) D:9
    Orc (1/2) D:9           Sewer (visited)

Altars:
Cheibriados
Elyvilon
Fedhas
Gozag
Hepliaklqana
Kikubaaqudgha
Nemelex Xobeh
Okawaru
Qazlal
Sif Muna
Uskayaw
Vehumet
Yredelemnul
The Shining One

Shops:
D:7 =   D:9 *

Portals:
Trove: D:10 (give +2 fire dragon scales)


Innate Abilities, Weirdness & Mutations

You have very sharp teeth.
Your uncanny sense of smell can sniff out nearby items.
Your experience applies equally to all skills.
You have large cloven feet.
Your mind is acute. (Int +2)


Message History

You feel very mighty all of a sudden.
The orc wizard points at you and mumbles some strange words.
You easily resist.
The orc sorcerer casts a spell.
You hear a shout! x2
Your +1 morningstar of holy wrath softly glows with a divine radiance!
b - a +1 morningstar of holy wrath (weapon)
You hear a howl!
An orc comes into view. It is wielding a +0 mace.
You are too confused!
You feel less confused. The orc sorcerer casts a spell at you.
The bolt of negative energy hits you!!
You feel drained.
You barely miss the orc wizard. The orc wizard barely misses you.
An orc comes into view. It is wielding a +0 trident.
The orc wizard hits you but does no damage.
Your scale mail prevents you from hitting the orc wizard.
The orc sorcerer becomes larger for a moment.
The orc sorcerer hits you but does no damage.
The orc sorcerer points at you and mumbles some strange words.
You suddenly lose the ability to move!
The orc shouts!
A warg comes into view.
The rust devil hits you. The rust devil corrodes you!
The orc sorcerer hits you with a +0 dagger.
The rust devil completely misses you.
The orc wizard gestures at you while chanting.
The puff of flame hits you.
The orc wizard casts a spell.
The orc wizard flickers and vanishes!
Deactivating autopickup; reactivate with Ctrl-A.
The orc hits you with a +0 mace.
The orc sorcerer casts a spell.
The rust devil hits you. The rust devil corrodes you!
The red devil hits you from afar with a +0 trident!
* * * LOW HITPOINT WARNING * * *
Barbed spikes become lodged in your body.
The orc sorcerer gestures at you while chanting.
The bolt of fire hits you!!
You die...

.....#...........#..#.
..........#...#........
.................#..#...
.........)...........#..
....................#...
.....................#..
....#...................
........................
..#.............@o......
.........##....4oo.....#
..#...........4.{.o..$#.
.#................h....#
.......#................
..............#$......(.
[.......................
..........#.#...........
##.##....#####.###....(


You could see a rust devil (summoned), a warg (wandering), an orc sorcerer, a
red devil (summoned), an orc wizard and 2 orcs.

Vanquished Creatures
  A hydra (Lair:1)
  A gargoyle (D:10)
  A komodo dragon (D:10)
  2 trolls
  Sigmund (D:5)
  22 yaks
  An acid dragon (D:8)
  4 water moccasins
  8 orc warriors
  3 black bears
  An ice beast (D:6)
  2 sky beasts
  2 wolves (Lair:1)
  6 ogres
  3 centaurs
  4 kobold brigands
  5 bullfrogs
  3 scorpions
  A gnoll sergeant (D:8)
  A wyvern zombie (D:9)
  A water moccasin zombie (D:6)
  A wyvern skeleton (D:7)
  A water moccasin skeleton (D:6)
  15 killer bees
  9 wights
  5 howler monkeys
  2 centaur zombies
  10 orc priests
  2 bullfrog skeletons
  3 centaur skeletons
  3 gnoll shamans
  3 jellies
  A hound (D:6)
  14 orc wizards
  3 iguanas
  A killer bee zombie (D:8)
  A howler monkey zombie (D:9)
  A howler monkey skeleton (D:6)
  26 gnolls
  6 adders
  8 river rats (Sewer)
  3 white imps
  An ufetubus (D:4)
  2 adder skeletons (D:4)
  A worm (D:2)
  2 dart slugs
  25 orcs
  9 ball pythons
  7 endoplasms
  6 giant cockroaches
  4 goblins
  5 hobgoblins
  2 jackals (D:1)
  5 quokkas
  5 bats
  3 frilled lizards
  31 kobolds
  22 rats
321 creatures vanquished.

Vanquished Creatures (others)
  A black bear (D:6)
  37 fungi (D:9)
  76 plants
114 creatures vanquished.

Grand Total: 435 creatures vanquished

Notes
Turn   | Place    | Note
-------+----------+-------------------------------------------
     0 | D:1      | freelancePsychic the Gnoll Wanderer began the quest for the
                  | Orb.
     0 | D:1      | freelancePsychic set off with the following items: a +0
                  | hand crossbow, a +2 scale mail, 23 bolts, a potion of
                  | lignification
     0 | D:1      | Reached XP level 1. HP: 17/17 MP: 1/1
   116 | D:1      | Reached XP level 2. HP: 23/23 MP: 2/2
   365 | D:1      | Found a faded altar of an unknown god.
   541 | D:1      | Reached XP level 3. HP: 28/28 MP: 3/3
   949 | D:2      | Reached skill level 1 in Invocations
  1247 | D:2      | Reached skill level 1 in Short Blades
  1247 | D:2      | Reached skill level 1 in Long Blades
  1247 | D:2      | Reached skill level 1 in Maces & Flails
  1247 | D:2      | Reached skill level 1 in Polearms
  1247 | D:2      | Reached skill level 1 in Staves
  1247 | D:2      | Reached skill level 1 in Slings
  1247 | D:2      | Reached skill level 1 in Bows
  1247 | D:2      | Reached skill level 1 in Throwing
  1247 | D:2      | Reached skill level 1 in Dodging
  1247 | D:2      | Reached skill level 1 in Shields
  1247 | D:2      | Reached skill level 1 in Unarmed Combat
  1247 | D:2      | Reached skill level 1 in Spellcasting
  1633 | D:3      | Reached XP level 4. HP: 34/34 MP: 5/5
  2264 | D:4      | Reached skill level 1 in Conjurations
  2264 | D:4      | Reached skill level 1 in Hexes
  2264 | D:4      | Reached skill level 1 in Summonings
  2264 | D:4      | Reached skill level 1 in Necromancy
  2264 | D:4      | Reached skill level 1 in Translocations
  2264 | D:4      | Reached skill level 1 in Transmutations
  2264 | D:4      | Reached skill level 1 in Fire Magic
  2264 | D:4      | Reached skill level 1 in Ice Magic
  2264 | D:4      | Reached skill level 1 in Air Magic
  2264 | D:4      | Reached skill level 1 in Earth Magic
  2264 | D:4      | Reached skill level 1 in Poison Magic
  2305 | D:4      | Reached XP level 5. HP: 11/40 MP: 5/7
  2845 | D:4      | Found a staircase to the Ecumenical Temple.
  2877 | D:4      | Noticed a black bear
  2887 | Temple   | Entered the Ecumenical Temple
  3121 | Temple   | Became a worshipper of Warmaster Okawaru
  3194 | D:4      | Killed a black bear
  3195 | D:4      | Reached XP level 6. HP: 36/47 MP: 8/8
  3373 | D:4      | Reached skill level 5 in Crossbows
  3375 | D:4      | Reached * piety under Okawaru
  3626 | D:4      | Reached XP level 7. HP: 34/52 MP: 10/10
  4113 | D:5      | Entered Level 5 of the Dungeon
  4312 | D:5      | Reached skill level 9 in Armour
  4362 | D:5      | Reached ** piety under Okawaru
  4363 | D:5      | Reached XP level 8. HP: 27/60 MP: 12/12
  4421 | D:5      | Noticed Sigmund
  4437 | D:5      | Killed Sigmund
  4603 | D:5      | Found a glowing drain.
  4650 | Sewer    | Entered a sewer
  5932 | D:5      | Learned a level 2 spell: Wereblood
  6673 | D:6      | Reached XP level 9. HP: 38/66 MP: 11/14
  7894 | D:6      | Reached skill level 5 in Fighting
  7894 | D:6      | Reached skill level 5 in Axes
  7894 | D:6      | Reached skill level 5 in Evocations
  7982 | D:6      | Reached *** piety under Okawaru
  7989 | D:6      | Reached skill level 5 in Stealth
  9066 | D:7      | Reached skill level 5 in Invocations
  9508 | D:7      | Gained mutation: You have large cloven feet. [potion of
                  | mutation]
  9508 | D:7      | Gained mutation: Your mind is acute. (Int +2) [potion of
                  | mutation]
 10511 | D:7      | Found an ancient bone altar of Kikubaaqudgha.
 10528 | D:7      | Learned a level 2 spell: Blink
 10601 | D:7      | Found Dacku Bura's Jewellery Emporium.
 10837 | D:8      | Reached XP level 10. HP: 34/74 MP: 17/17
 11143 | D:8      | Reached skill level 5 in Short Blades
 11143 | D:8      | Reached skill level 5 in Long Blades
 11143 | D:8      | Reached skill level 5 in Maces & Flails
 11143 | D:8      | Reached skill level 5 in Polearms
 11143 | D:8      | Reached skill level 5 in Staves
 11143 | D:8      | Reached skill level 5 in Slings
 11143 | D:8      | Reached skill level 5 in Bows
 11143 | D:8      | Reached skill level 5 in Throwing
 11143 | D:8      | Reached skill level 5 in Dodging
 11143 | D:8      | Reached skill level 5 in Shields
 11143 | D:8      | Reached skill level 5 in Unarmed Combat
 11143 | D:8      | Reached skill level 5 in Spellcasting
 11302 | D:8      | Reached skill level 10 in Armour
 12391 | D:8      | Reached **** piety under Okawaru
 12721 | D:9      | Found a staircase to the Orcish Mines.
 13330 | D:9      | Received a gift from Okawaru
 13673 | D:9      | Found a glowing golden altar of the Shining One.
 14038 | D:9      | Found Ehoxoawo's General Store.
 14047 | D:9      | Bought a +2 cloak for 181 gold pieces
 14144 | D:9      | Found a staircase to the Lair.
 14229 | D:9      | Reached XP level 11. HP: 63/83 MP: 19/19
 14605 | D:9      | Reached ***** piety under Okawaru
 14795 | D:9      | Reached skill level 5 in Conjurations
 14795 | D:9      | Reached skill level 5 in Hexes
 14795 | D:9      | Reached skill level 5 in Summonings
 14795 | D:9      | Reached skill level 5 in Necromancy
 14795 | D:9      | Reached skill level 5 in Translocations
 14795 | D:9      | Reached skill level 5 in Transmutations
 14795 | D:9      | Reached skill level 5 in Fire Magic
 14795 | D:9      | Reached skill level 5 in Ice Magic
 14795 | D:9      | Reached skill level 5 in Air Magic
 14795 | D:9      | Reached skill level 5 in Earth Magic
 14795 | D:9      | Reached skill level 5 in Poison Magic
 15249 | D:10     | Entered Level 10 of the Dungeon
 15622 | D:10     | Found a shimmering blue altar of Sif Muna.
 16315 | D:10     | Found a portal to a secret trove of treasure.
 16720 | D:10     | Found a hazy altar of Hepliaklqana.
 17260 | Lair:1   | Entered Level 1 of the Lair of Beasts
 17263 | Lair:1   | Noticed an eight-headed hydra
 17291 | Lair:1   | Killed an eight-headed hydra
 17291 | Lair:1   | Received a gift from Okawaru
 17333 | Lair:1   | Noticed a seven-headed hydra
 17688 | Orc:1    | Entered Level 1 of the Orcish Mines
 18079 | Orc:1    | Noticed an orc sorcerer
 18090 | Orc:1    | Paralysed by an orc sorcerer for 6 turns
 18093 | Orc:1    | Killed from afar by an orc sorcerer

Illustrated notes

Levels and vault maps discovered:
D:1:      moated_graveyard_arrival, layout_basic,
          chequers_ecumenical_altar_simple
D:2:      layout_loops_ring
D:3:      layout_loops_ring
D:4:      layout_gridville, minmay_temple_entry_proselytizer
D:5:      layout_gridville, gup_sewer_entry_pipe, minmay_misc_feat_alley,
          uniq_sigmund
D:6:      layout_loops_corners
D:7:      layout_cave_pools, mainiacjoe_overflow_six_doors_small, serial_shops,
          shop, minmay_strange_pillars, minmay_strange_pillars,
          serial_bayou_pond_b
D:8:      layout_basic
D:9:      layout_basic, mainiacjoe_overflow_cross_hatched,
          due_lair_maze_entry_diamond, serial_shops, nicolae_shop_stone,
          chequers_mini_garden, minivault_5, hex_medium
D:10:     layout_basic, kennysheep_orc_sif_temple, kennysheep_mini,
          enter_trove_1, serial_corexii_hall, corexii_hall_statues_i,
          chequers_hall_statues_y, minivault_24
Temple:   eino_narrow_crystal_temple
Lair:1:   layout_hall_layers, serial_bayou_shore_b
Orc:1:    layout_caves

Skill      XL: |  1  2  3  4  5  6  7  8  9 10 11 |
---------------+----------------------------------+-----
Invocations    | 1 2 3 4 5 6 7 |  7.2
Short Blades   | 1 2 3 4 5 6 |  6.6
Long Blades    | 1 2 3 4 5 6 |  6.6
Maces & Flails | 1 2 3 4 5 6 |  6.6
Polearms       | 1 2 3 4 5 6 |  6.6
Staves         | 1 2 3 4 5 6 |  6.6
Slings         | 1 2 3 4 5 6 |  6.6
Bows           | 1 2 3 4 5 6 |  6.6
Throwing       | 1 2 3 4 5 6 |  6.6
Dodging        | 1 2 3 4 5 6 |  6.6
Shields        | 1 2 3 4 5 6 |  6.6
Unarmed Combat | 1 2 3 4 5 6 |  6.6
Spellcasting   | 1 2 3 4 5 6 |  6.6
Conjurations   | 1 2 3 4 5 |  5.5
Hexes          | 1 2 3 4 5 |  5.5
Summonings     | 1 2 3 4 5 |  5.5
Necromancy     | 1 2 3 4 5 |  5.5
Translocations | 1 2 3 4 5 |  5.5
Transmutations | 1 2 3 4 5 |  5.5
Fire Magic     | 1 2 3 4 5 |  5.5
Ice Magic      | 1 2 3 4 5 |  5.5
Air Magic      | 1 2 3 4 5 |  5.5
Earth Magic    | 1 2 3 4 5 |  5.5
Poison Magic   | 1 2 3 4 5 |  5.5
Fighting       | 3 4 5 6 7 |  7.2
Axes           | 3 4 5 6 7 |  7.2
Evocations     | 3 4 5 6 7 |  7.2
Stealth        | 3 4 5 6 7 |  7.1
Crossbows      | 5 6 7 8 |  8.1
Armour         | 9 10 | 10.8

Action                   |  1- 3 |  4- 6 |  7- 9 | 10-12 || total
-------------------------+-------+-------+-------+-------++-------
Melee: Unarmed           |    35 |       |       |       ||    35
       Bite              |     3 |       |    33 |    11 ||    47
       Dagger            |       |       |   162 |       ||   162
       Flail             |       |       |   128 |    27 ||   155
       Punch             |       |       |     1 |       ||     1
       Shortbow          |       |       |     1 |       ||     1
       Morningstar       |       |       |       |    59 ||    59
 Fire: Hand crossbow     |   100 |    67 |   211 |   559 ||   937
       Shortbow          |       |       |   231 |       ||   231
Throw: Dart              |       |     7 |    83 |    39 ||   129
 Cast: Wereblood         |       |       |     7 |     6 ||    13
Invok: Heroism           |       |       |     6 |     6 ||    12
       Finesse           |       |       |       |     2 ||     2
Evoke: Wand              |       |       |       |     3 ||     3
  Use: Scroll            |     5 |     2 |     7 |     3 ||    17
       Potion            |     1 |     1 |     9 |     4 ||    15
 Stab: Sleeping          |       |       |       |     2 ||     2
Armor: Scale mail        |    72 |    32 |   379 |   235 ||   718
Dodge: Dodged            |    54 |    26 |   375 |   361 ||   816
Block: Buckler           |       |       |    16 |   180 ||   196

Table legend: (Time is in decaauts)
 A = Elapsed time spent in this place.
 B = Non-inter-level travel time spent in this place.
 C = Inter-level travel time spent in this place.
 D = Time resting spent in this place.
 E = Time spent auto-exploring this place.
 F = Levels seen in this place.
 G = Mean time per level.
                   A        B        C        D        E       F      G
               +--------+--------+--------+--------+--------+-----+--------+
         Total |  18164 |  17553 |    611 |   1450 |  12765 |  14 | 1297.4 |
       Dungeon |  16184 |  15588 |    596 |   1231 |  11470 |  10 | 1618.4 |
        Temple |    249 |    235 |     14 |    219 |      8 |   1 |  249.0 |
          Lair |     72 |     72 |      0 |      0 |      0 |   1 |   72.0 |
  Orcish Mines |    405 |    405 |      0 |      0 |    346 |   1 |  405.0 |
         Sewer |   1252 |   1252 |      0 |      0 |    940 |   1 | 1252.0 |
               +--------+--------+--------+--------+--------+-----+--------+

Top non-repeatable levels by time:
     D:6: 3242 daAuts
     D:9: 2876 daAuts
    D:10: 2016 daAuts
     D:8: 1939 daAuts
   Sewer: 1252 daAuts
     D:5: 1251 daAuts
     D:4: 1197 daAuts
     D:3: 1063 daAuts
     D:2: 947 daAuts
     D:7: 947 daAuts
     D:1: 701 daAuts
   Orc:1: 405 daAuts
  Temple: 249 daAuts
  Lair:1: 72 daAuts
